 Dungeon Crawl Stone Soup version 0.21.1-1-g345015f (webtiles) character file.

108 Fang the Skirmisher (level 4, -7/43 HPs)
             Began as a Gargoyle Berserker on June 5, 2018.
             Was a Believer of Trog.
             Mangled by an ogre
             ... wielding a +0 giant club
              (22 damage)
             ... on level 3 of the Dungeon.
             The game lasted 00:03:19 (2160 turns).

Fang the Skirmisher (Gargoyle Berserker)            Turns: 2160, Time: 00:03:20

Health: -7/43      AC:  5    Str: 26    XL:     4   Next: 87%
Magic:  4/4        EV: 12    Int:  8    God:    Trog [**....]
Gold:   123        SH:  0    Dex:  9    Spells: 3/3 levels left

rFire    . . .     SeeInvis .   a - +0 hand axe
rCold    . . .     Gourm    .   (no shield)
rNeg     + . .     Faith    .   b - +0 animal skin
rPois    ∞         Spirit   .   (no helmet)
rElec    +         Reflect  .   (no cloak)
rCorr    +         Harm     .   (no gloves)
MR       .....                  (no boots)
Stlth    ..........             (no amulet)
HPRegen  0.14/turn              s - ring of resist corrosion
MPRegen  0.09/turn              t - ring of poison resistance

@: berserking, very quick
A: negative energy resistance 1, electricity resistance, unbreathing,
petrification resistance, rot immunity, AC +3
a: Berserk, Trog's Hand, Burn Spellbooks, Renounce Religion


You were on level 3 of the Dungeon.
You worshipped Trog.
Trog was pleased with you.
You were very hungry.

You visited 1 branch of the dungeon, and saw 3 of its levels.

You collected 123 gold pieces.

Inventory:

Hand Weapons
 a - a +0 hand axe (weapon)
Armour
 b - a +0 animal skin (worn)
Jewellery
 s - a ring of resist corrosion (left hand)
 t - a ring of poison resistance (right hand)
Scrolls
 d - a scroll of amnesia {unknown}
 g - 8 scrolls of identify {unknown}
 h - 2 scrolls of fog {unknown}
 m - a scroll of teleportation {unknown}
 n - a scroll of enchant weapon {unknown}
 o - a scroll of noise {unknown}
 p - a scroll of remove curse {unknown}
Potions
 e - a potion of flight {unknown}
 f - 3 potions of mutation {unknown}
 i - a potion of magic {unknown}
 j - a potion of haste {unknown}
 k - 3 potions of agility
 l - a potion of curing {unknown}
 q - 2 potions of lignification {unknown}
 r - a potion of berserk rage {unknown}
Comestibles
 c - 5 rations


   Skills:
 + Level 4.1 Fighting
 + Level 3.9 Axes
 + Level 2.3 Armour
 + Level 2.2 Dodging
 + Level 0.6 Stealth


You had 3 spell levels left.
You didn't know any spells.

Dungeon Overview and Level Annotations

Branches:
Dungeon (3/15)

Altars:
Elyvilon


Innate Abilities, Weirdness & Mutations

You are resistant to torment.
Your stone body is resilient. (AC +3)
You are immune to poison.
You resist negative energy. (rN+)
You are resistant to electric shocks. (rElec)
You can survive without breathing.
You are immune to petrification.
You are immune to rotting.


Message History

Unknown command.
You are too injured to fight recklessly!
Unknown command.
You are too injured to fight recklessly!
Unknown command.
You are too injured to fight recklessly!
Unknown command.
You slash the goblin!
You kill the goblin!
Trog accepts your kill.
You hit the adder.
You kill the adder!
Trog accepts your kill.
You slash the hobgoblin!
You kill the hobgoblin!
Trog accepts your kill.
You barely miss the ogre. The bat closely misses you.
The ogre hits you with a giant club!!
Ouch! That really hurt!
You die...

#......##
#.####..#
##.# #.##
#..# ##.#
######.## #
.......?b#.#
####...†@O.#
#.##....# #.
#....# #
#!#....
#.#..#.#
..#...... #.
#...#.# ##
#..#.#


You could see an ogre and a bat.

Vanquished Creatures
  4 adders
  2 worms
  2 dart slugs
  3 leopard geckos
  3 bats (D:1)
  4 giant cockroaches
  6 goblins
  6 hobgoblins
  2 jackals (D:1)
  12 kobolds
  A quokka (D:3)
  A ball python (D:1)
  5 frilled lizards
  7 rats
58 creatures vanquished.

Notes
Turn   | Place    | Note
-------+----------+-------------------------------------------
     0 | D:1      | Fang the Gargoyle Berserker began the quest for the Orb.
     0 | D:1      | Reached XP level 1. HP: 14/14 MP: 1/1
   123 | D:1      | Reached XP level 2. HP: 17/19 MP: 2/2
   343 | D:1      | Reached XP level 3. HP: 24/24 MP: 3/3
   922 | D:1      | Reached ** piety under Trog
  1231 | D:2      | Reached XP level 4. HP: 25/29 MP: 4/4
  1441 | D:2      | Reached skill level 4 in Fighting
  1526 | D:2      | Found a white marble altar of Elyvilon.
  2146 | D:3      | Noticed an ogre
  2160 | D:3      | Mangled by an ogre

Skill      XL: |  1  2  3  4 |
---------------+-------------+-----
Axes           | 3 |  3.9
Dodging        | 2 |  2.2
Fighting       | 4 |  4.1
Armour         | |  2.3
Stealth        | |  0.6

Action                   |  1- 3 |  4- 6 || total
-------------------------+-------+-------++-------
Melee: Hand axe          |   114 |    75 ||   189
Invok: Berserk           |       |     1 ||     1
  Eat: Chunk             |     1 |     3 ||     4
Armor: Animal skin       |    39 |    32 ||    71
Dodge: Dodged            |    74 |    61 ||   135
